 Dungeon Crawl Stone Soup version 0.28.0-43-g3370ac3207 (webtiles) character file.

Game seed: 5976523479732816355

115318 theElss the Warrior (level 16, -12/162 HPs)
             Began as a Gargoyle Berserker on Mar 14, 2022.
             Was a High Priest of Trog.
             Mangled by an orc knight
             ... wielding a +0 great sword
              (27 damage)
             ... on level 2 of the Orcish Mines on Mar 15, 2022.
             The game lasted 01:32:23 (28660 turns).

theElss the Warrior (Gargoyle Berserker)           Turns: 28660, Time: 01:32:23

Health: -12/162    AC: 35    Str: 23    XL:     16   Next: 68%
Magic:  16/16      EV: 12    Int: 10    God:    Trog [*****.]
Gold:   2202       SH: 12    Dex:  8    Spells: 15/15 levels left

rFire   + + +      SeeInvis +   W - +1 morningstar "Fikkeuz" {vorpal, rPois rF+ rC+ Will+}
rCold   + + +      Faith    .   k - +0 kite shield
rNeg    + + .      Spirit   .   R - +0 fire dragon scales
rPois   ∞          Reflect  .   M - +2 helmet
rElec   +          Harm     .   K - +0 cloak
rCorr   +          Rampage  .   m - +1 pair of gloves of the Unseen Realm {rC+++ rCorr Str-2 Dex-3}
Will    ++...                   s - +0 pair of boots
Stlth   ..........              F - amulet of regeneration
HPRegen 1.17/turn               n - ring of positive energy
MPRegen 0.15/turn               Y - ring of see invisible

@: berserking (expiring), flying, studying 2 skills, very quick
A: sickness immunity, AC +12, big wings, negative energy resistance 1,
electricity resistance, torment resistance 1, petrification resistance
a: Renounce Religion, Berserk, Trog's Hand, Brothers in Arms


You were on level 2 of the Orcish Mines.
You worshipped Trog.
Trog was extremely pleased with you.
You visited 3 branches of the dungeon, and saw 23 of its levels.
You also visited: Volcano.

You collected 2888 gold pieces.
You spent 686 gold pieces at shops.

Inventory:

Hand Weapons
 a - a +2 whip of flaming
 b - a +0 whip of electrocution
 N - a +2 morningstar of protection
 W - the +1 morningstar "Fikkeuz" (weapon) {vorpal, rPois rF+ rC+ Will+}
   (You found it on level 5 of the Lair of Beasts)

   It inflicts extra damage upon your enemies.
   rF:        It protects you from fire.
   rC:        It protects you from cold.
   rPois:     It protects you from poison.
   Will:      It increases your willpower.
Missiles
 H - 3 throwing nets (quivered)
Armour
 k - a +0 kite shield (worn)
 l - a +2 pair of gloves of strength
 m - the +1 pair of gloves of the Unseen Realm (worn) {rC+++ rCorr Str-2 Dex-3}
   (You bought it in a shop on level 1 of the Orcish Mines)

   Str:       It affects your strength (-2).
   Dex:       It affects your dexterity (-3).
   rC:        It renders you almost immune to cold.
   rCorr:     It protects you from acid and corrosion.
 s - a +0 pair of boots (worn)
 K - a +0 cloak (worn)
 M - a +2 helmet (worn)
 R - +0 fire dragon scales (worn)
Jewellery
 n - a ring of positive energy (left hand)
 r - a ring of resist corrosion
 u - a ring of protection from fire
 w - an amulet of the acrobat
 y - a ring of protection from cold
 F - an amulet of regeneration (around neck)
 P - a ring of protection from fire
 Q - a ring of protection from cold
 Y - a ring of see invisible (right hand)
Wands
 x - a wand of iceblast (13)
 z - a wand of polymorph (13)
 A - a wand of flame (9)
 J - a wand of digging (22)
 S - a wand of paralysis (6)
Scrolls
 c - 4 scrolls of blinking
 e - 3 scrolls of magic mapping
 f - 5 scrolls of vulnerability
 g - 5 scrolls of immolation
 h - 11 scrolls of teleportation
 i - 3 scrolls of summoning
 o - 2 scrolls of silence {unknown}
 p - 4 scrolls of fear
 B - 4 scrolls of fog
 D - 3 scrolls of noise {unknown}
 E - a scroll of holy word {unknown}
 I - a scroll of enchant weapon {unknown}
 V - a scroll of enchant armour {unknown}
 X - a scroll of acquirement {unknown}
Potions
 d - 13 potions of curing
 j - 2 potions of magic
 q - 3 potions of resistance
 v - 6 potions of heal wounds
 C - a potion of haste
 G - a potion of might
 L - a potion of lignification
 O - 2 potions of invisibility
 Z - a potion of cancellation


   Skills:
 + Level 15.0 Fighting
 + Level 13.8 Maces & Flails
 + Level 14.8 Armour
 + Level 11.6 Dodging
 + Level 14.4 Shields


You had 15 spell levels left.
You didn't know any spells.
Your spell library was empty.

Dungeon Overview and Level Annotations

Branches:
Dungeon (15/15)            Temple (0/1) D:5            Lair (6/6) D:9
  Swamp (0/4) Lair:3       Spider (0/4) Lair:3        Slime (0/5) Lair:6
    Orc (2/2) D:11            Elf (0/3) Orc:2        Vaults (0/5) D:13
 Depths (0/4) D:15        Volcano (visited)

Altars:
Cheibriados
Dithmenos
Elyvilon
Gozag
Kikubaaqudgha
Nemelex Xobeh
Okawaru
Qazlal
Ru
Sif Muna
Trog
Xom
Beogh
Jiyva
Lugonu

Shops:
D:4 [   D:5 *   D:6 :   D:11 (   Orc:1 [*

Annotations:
D:11 1 runed translucent door, Vruhak's ghost, journeyman DsFi


Innate Abilities, Weirdness & Mutations

You are immune to sickness and miasma.
Your stone body is resilient. (AC +12)
You are immune to poison.
Your large and strong wings let you fly.
You resist negative energy. (rN+)
You are resistant to electric shocks. (rElec)
You are resistant to unholy torment.
You are immune to petrification.


Message History

The orc warrior hits you with a +0 hand axe!
You hit the orc warlord.
The orc warlord is almost dead.
The orc knight hits you with a +0 great sword!!
You hit the orc warlord but do no damage.
The orc warlord is almost dead.
The orc warlord hits you with a +3 war axe of freezing!
The orc warlord freezes you. You block the orc warrior's attack.
The orc knight hits you with a +0 great sword!
Unknown command.
You sock the orc warlord!
The orc warlord is almost dead.
The orc warlord hits you but does no damage.
The orc warrior barely misses you.
You sock the orc warlord!
You kill the orc warlord!
Trog accepts your kill. You block the orc knight's attack.
Unknown command.
You bludgeon the orc knight!!
The orc knight is severely wounded.
The orc warrior hits you but does no damage.
You block the orc's attack.
The orc knight hits you with a +0 great sword!
* * * LOW HITPOINT WARNING * * *
You closely miss the orc knight.
The orc knight is severely wounded.
The orc warrior hits you but does no damage.
Unknown command.
You puncture the orc knight!
The orc knight is almost dead.
The orc knight hits you with a +0 great sword!!
* * * LOW HITPOINT WARNING * * *
You block the orc's attack. The orc barely misses you.
Unknown command.
You closely miss the orc knight.
The orc knight is almost dead.
You block the orc warrior's attack. The orc closely misses you.
The orc knight hits you with a +0 great sword!!
You die...

#..................)...#
..................)....#
#..................#.).#
.....#...............))#
.......................#
.......................#####
...........#.............).#
.#.....##.#....ooo.......)##
.#....######...o@#.......##
###.#.## #.....##......##
.#.....## ##....#....#...#
.##.....# #...###.####.##
...#.#.## ##.## ### ###
.....### ### ......# .....##
##.###


You could see an orc knight (strong), an orc warrior (strong) and 2 orcs.

Vanquished Creatures
  Jorgrun (D:13)
  Kirke (Lair:4)
  Roxanne (D:15)
  4 orc warlords
  A stone giant (D:15)
  An ironbound preserver (D:13)
  4 dire elephants
  Josephine (Lair:6)
  Snorg (Lair:4)
  A fire dragon (D:15)
  An ogre mage (D:15)
  Harold (Lair:2)
  12 hydras
  3 centaur warriors
  3 catoblepae
  7 two-headed ogres
  7 boulder beetles
  12 death yaks
  A spectral dire elephant (Lair:6)
  2 tengu warriors (D:15)
  3 orc high priests (Orc:2)
  Nergalle (Lair:4)
  Urug (D:13)
  2 fire crabs (shapeshifter)
  A spectral anaconda (Lair:6)
  2 deep trolls
  An orb spider (Lair:3)
  A deep elf archer (Volcano)
  An obsidian statue (Lair:6)
  Pikel (D:6)
  2 bog bodies (Lair:3)
  7 orc knights
  5 necromancers
  7 deep elf pyromancers
  4 orc sorcerers
  9 ugly things
  A wolf spider (D:14)
  3 manticores
  3 cyclopes
  A salamander (shapeshifter) (D:15)
  16 elephants
  Maurice (Orc:2)
  15 cane toads
  5 black mambas
  An unseen horror (D:11)
  2 gargoyles (D:12)
  2 rime drakes
  2 efreet
  5 kobold demonologists
  4 komodo dragons
  2 tengu conjurers
  3 polar bears
  A freezing wraith (D:15)
  8 trolls
  A slime creature (D:13)
  3 meliai (D:13)
  10 blink frogs
  A spectral elephant (Lair:6)
  3 hornets
  2 centaur simulacra
  9 wraiths
  2 vampires
  5 wyverns
  A shadow (D:10)
  A basilisk (shapeshifter) (D:13)
  5 fire elementals (Volcano)
  58 yaks
  A dire elephant simulacrum (Lair:6)
  A hog (shapeshifter) (D:14)
  2 hogs (Lair:4)
  2 basilisks
  A vampire mosquito (D:13)
  A spectral cane toad (Lair:6)
  6 wargs
  2 acid dragons
  14 water moccasins
  6 hell hounds (Volcano)
  A hornet zombie (D:8)
  36 orc warriors
  An ice beast (D:8)
  6 black bears
  16 ogres
  7 centaurs
  13 wolves
  An elephant skeleton (Lair:6)
  A phantom (D:4)
  5 kobold brigands
  2 gnoll sergeants (D:11)
  12 bullfrogs
  A jelly (D:5)
  A cane toad simulacrum (Lair:6)
  5 scorpions
  A two-headed ogre simulacrum (D:12)
  5 killer bees
  An elephant simulacrum (D:12)
  4 wights (D:6)
  7 electric eels
  5 howler monkeys
  3 lava snakes (Lair:6)
  A bullfrog zombie (D:3)
  A centaur zombie (D:9)
  3 hounds
  12 orc priests
  A centaur skeleton (D:6)
  A gnoll shaman (D:5)
  2 scorpion zombies (D:5)
  A bullfrog skeleton (D:6)
  2 iguanas
  17 orc wizards
  A spriggan simulacrum (D:12)
  A troll simulacrum (D:12)
  3 killer bee zombies
  2 wolf simulacra (D:12)
  2 hound skeletons
  A howler monkey zombie (D:7)
  20 gnolls
  7 adders
  2 naga simulacra (D:12)
  2 shadow imps
  A howler monkey simulacrum (D:11)
  3 ufetubi
  An adder skeleton (D:4)
  2 dart slugs
  86 orcs
  5 endoplasms (D:1)
  3 giant cockroaches
  11 goblins
  14 hobgoblins
  2 jackals
  A quokka (D:4)
  5 ball pythons
  3 bats
  5 frilled lizards
  17 kobolds
  8 rats
708 creatures vanquished.

Vanquished Creatures (others)
  2 lava snakes (Lair:6)
  An orc wizard (D:4)
  6 demonic plants (D:10)
  22 fungi
  53 plants
  18 withered plants (Lair:6)
102 creatures vanquished.

Grand Total: 810 creatures vanquished

Notes
Turn   | Place    | Note
-------+----------+-------------------------------------------
     0 | D:1      | theElss the Gargoyle Berserker began the quest for the Orb.
     0 | D:1      | Reached XP level 1. HP: 14/14 MP: 1/1
   169 | D:1      | Reached XP level 2. HP: 19/19 MP: 2/2
   534 | D:1      | Found a faded altar of an unknown god.
   583 | D:1      | Reached XP level 3. HP: 20/23 MP: 3/3
   635 | D:1      | Reached ** piety under Trog
  1126 | D:2      | Reached XP level 4. HP: 29/29 MP: 4/4
  1771 | D:3      | Reached skill level 4 in Fighting
  2253 | D:4      | Reached XP level 5. HP: 33/33 MP: 5/5
  2298 | D:4      | Reached skill level 1 in Shields
  2310 | D:4      | Reached XP level 6. HP: 35/39 MP: 6/6
  2520 | D:4      | Noticed a fire elemental
  2522 | D:4      | Found a stormy altar of Qazlal.
  2524 | D:4      | Noticed an air elemental
  2524 | D:4      | Noticed a water elemental
  2584 | D:4      | Found Rounua Nesuo's Antique Armour Shop.
  2593 | D:4      | Bought a pair of runed gloves for 127 gold pieces
  2615 | D:4      | Found a white marble altar of Elyvilon.
  2736 | D:4      | Reached XP level 7. HP: 28/44 MP: 7/7
  2933 | D:3      | Reached skill level 5 in Fighting
  3381 | D:5      | Entered Level 5 of the Dungeon
  3481 | D:5      | Reached *** piety under Trog
  3518 | D:5      | Found a staircase to the Ecumenical Temple.
  3540 | D:5      | Reached XP level 8. HP: 50/50 MP: 8/8
  3545 | D:5      | Reached skill level 5 in Maces & Flails
  3690 | D:5      | Reached skill level 5 in Armour
  4200 | D:5      | Found Iniunahaza's Neck Hole.
  4614 | D:5      | Noticed a wraith
  4628 | D:5      | Killed a wraith
  4629 | D:5      | Reached skill level 6 in Fighting
  5086 | D:6      | Reached XP level 9. HP: 51/56 MP: 9/9
  5376 | D:6      | Reached skill level 5 in Shields
  5410 | D:6      | Found Duinagaa's Self-Improvement Boutique.
  5434 | D:6      | Noticed Pikel
  5450 | D:6      | Killed Pikel
  5451 | D:6      | Reached skill level 7 in Fighting
  5611 | D:7      | Reached skill level 5 in Dodging
  5873 | D:7      | Reached XP level 10. HP: 51/63 MP: 10/10
  6161 | D:7      | Found an ancient bone altar of Kikubaaqudgha.
  6162 | D:7      | Found an iron altar of Okawaru.
  6192 | D:7      | Found a shimmering blue altar of Sif Muna.
  6192 | D:7      | Found a snail-covered altar of Cheibriados.
  6192 | D:7      | Found a sacrificial altar of Ru.
  6192 | D:7      | Found a bloodstained altar of Trog.
  6974 | D:8      | Reached skill level 8 in Fighting
  7582 | D:8      | Found a sparkling altar of Nemelex Xobeh.
  8402 | D:8      | Noticed a centaur warrior
  8414 | D:8      | Killed a centaur warrior
  8633 | D:8      | Noticed a centaur warrior
  8777 | D:8      | Killed a centaur warrior
  8991 | D:8      | Reached XP level 11. HP: 69/69 MP: 11/11
  9188 | D:9      | Reached skill level 9 in Fighting
  9245 | D:9      | Found an opulent altar of Gozag.
  9304 | D:9      | Found a staircase to the Lair.
  9522 | D:9      | Noticed a two-headed ogre
  9532 | D:9      | Killed a two-headed ogre
  9793 | D:10     | Entered Level 10 of the Dungeon
  9835 | D:10     | Found a shadowy altar of Dithmenos.
 10879 | D:10     | Found a corrupted altar of Lugonu.
 11298 | D:11     | Noticed a two-headed ogre
 11310 | D:11     | Killed a two-headed ogre
 11383 | D:11     | Noticed a cyan ugly thing
 11406 | D:11     | Killed a cyan ugly thing
 11510 | D:11     | Found Wuihobbano's Weapon Emporium.
 11565 | D:11     | Reached skill level 10 in Fighting
 11643 | D:11     | Found a runed translucent door.
 11644 | D:11     | Found a shimmering altar of Xom.
 11644 | D:11     | Noticed a +2 rapier of chaos
 11644 | D:11     | Noticed Vruhak's ghost (journeyman DsFi)
 11716 | D:11     | Found a staircase to the Orcish Mines.
 11738 | D:11     | Reached XP level 12. HP: 77/77 MP: 12/12
 12003 | D:11     | Noticed a five-headed hydra
 12011 | D:11     | Killed a five-headed hydra
 12420 | D:11     | Noticed a catoblepas
 12434 | D:11     | Reached skill level 10 in Armour
 12437 | D:11     | Noticed a death knight
 12522 | Lair:1   | Entered Level 1 of the Lair of Beasts
 12849 | Lair:1   | Reached **** piety under Trog
 13640 | Lair:1   | You fall into a shaft and drop 1 floor!
 13913 | Lair:2   | Noticed Harold
 14023 | Lair:1   | Noticed a four-headed hydra
 14042 | Lair:1   | Killed a four-headed hydra
 14089 | Lair:1   | Reached skill level 10 in Shields
 14575 | Lair:2   | Reached skill level 10 in Maces & Flails
 14603 | Lair:2   | Killed Harold
 14692 | Lair:2   | Reached skill level 11 in Fighting
 14776 | Lair:2   | Reached XP level 13. HP: 84/84 MP: 13/13
 15331 | Lair:3   | Found a staircase to the Swamp.
 15394 | Lair:3   | Found a hole to the Spider Nest.
 16675 | Lair:4   | Noticed Snorg
 16711 | Lair:4   | Killed Snorg
 16770 | Lair:4   | Noticed Nergalle
 16783 | Lair:4   | Killed Nergalle
 16784 | Lair:4   | Reached skill level 12 in Fighting
 16795 | Lair:4   | Noticed Kirke
 17395 | Lair:4   | Killed Kirke
 17396 | Lair:4   | Gained mutation: Your large and strong wings let you fly.
                  | [Gargoyle growth]
 17396 | Lair:4   | Reached XP level 14. HP: 54/92 MP: 14/14
 18312 | Lair:5   | Identified the +1 morningstar "Fikkeuz" {vorpal, rPois rF+
                  | rC+ Will+}
 18324 | Lair:6   | Entered Level 6 of the Lair of Beasts
 18735 | Lair:6   | Reached ***** piety under Trog
 18939 | Lair:6   | Found a viscous altar of Jiyva.
 18939 | Lair:6   | Found a staircase to the Slime Pits.
 19114 | Lair:6   | Reached skill level 13 in Fighting
 19117 | Lair:6   | Noticed Josephine
 19130 | Lair:6   | Killed Josephine
 19135 | Lair:6   | Reached skill level 10 in Dodging
 19265 | Lair:6   | Received a gift from Trog
 19337 | Lair:6   | Noticed a dire elephant
 19337 | Lair:6   | Noticed a dire elephant
 19337 | Lair:6   | Noticed a dire elephant
 19337 | Lair:6   | Noticed a dire elephant
 19361 | Lair:6   | Killed a dire elephant
 19822 | Lair:6   | Reached XP level 15. HP: 99/99 MP: 15/15
 20818 | D:11     | Identified the +1 broad axe of Dissent {protect, rCorr
                  | Int+5 Dex+3}
 22076 | D:13     | Found a gate to the Vaults.
 22214 | D:13     | Received a gift from Trog
 22326 | D:13     | Noticed Jorgrun
 22337 | D:13     | Killed Jorgrun
 22338 | D:13     | Reached skill level 14 in Fighting
 22478 | D:13     | Noticed Urug
 22949 | D:13     | Killed Urug
 24346 | D:15     | Entered Level 15 of the Dungeon
 24644 | D:15     | Reached XP level 16. HP: 107/107 MP: 16/16
 24758 | D:15     | Noticed Roxanne
 24994 | D:15     | Found a staircase to the Depths.
 25546 | D:15     | Killed Roxanne
 25653 | Orc:1    | Entered Level 1 of the Orcish Mines
 25825 | Orc:1    | Found Zyru's Armour Shoppe.
 26206 | Orc:1    | Bought the +1 pair of gloves of the Unseen Realm {rC+++
                  | rCorr Str-2 Dex-3} for 559 gold pieces
 26904 | Orc:2    | Entered Level 2 of the Orcish Mines
 26909 | Orc:2    | Found a staircase to the Elven Halls.
 27401 | Orc:2    | Paralysed by an orc sorcerer for 6 turns
 27472 | Orc:2    | Found a dark tunnel.
 27482 | Volcano  | Entered a volcano
 27701 | Volcano  | Received a gift from Trog
 28009 | Orc:2    | Noticed Maurice
 28026 | Orc:2    | Killed Maurice
 28218 | Orc:1    | Found Qeucialu's Assorted Antiques.
 28568 | Orc:2    | Reached skill level 15 in Fighting
 28660 | Orc:2    | Mangled by an orc knight

Illustrated notes

Levels and vault maps discovered:
D:1:      lightli_arrival_windingriver, layout_basic,
          hellmonk_ecumenical_altar_pennies_from_heaven
D:2:      layout_basic, small_statue_intersection, skrybe_limestone_x,
          chequers_arboretum
D:3:      layout_basic
D:4:      layout_basic, nicolae_qazlal_style_of_elements, amcnicky_altar_gilded,
          nicolae_stop_n_shop_1
D:5:      layout_basic, temple_doors_e, nicolae_shop_sticking_my_neck_out
D:6:      layout_gridville, nicolae_shop_self_help, uniq_pikel
D:7:      layout_gridville, minitemple, kennysheep_windowed_goal
D:8:      cheibrodos_elevator_heist, layout_loops_corners,
          nemelex_xobeh_ov_fountains_minmay
D:9:      layout_roguey, nicolae_overflow_crystal_walls,
          grunt_lair_entry_orc_guard_hut, grunt_decor_arrowhead
D:10:     kennysheep_kobold_lugonu_temple, layout_basic, grunt_dithmenos_smoke
D:11:     layout_loops_ring, kennysheep_orc_monster_closet_entryway,
          ebering_ghost_xom, serial_shops, nicolae_shop_hallway_stairs,
          minmay_evil_grid
D:12:     layout_small_grid, special_room [special_room_orc],
          portal_ice_cave_entry_ice_simulacra
D:13:     layout_roguey, skrybe_vaults_entry_preservation,
          hangedman_decor_lopped, uniq_urug, uniq_jorgrun
D:14:     layout_layer_cave, dk_noncrumbling_2, nicolae_benzene_ring, kb_rosetta
D:15:     grunt_enter_depths_snipers, layout_gridville,
          nicolae_twisting_strands, uniq_roxanne
Lair:1:   layout_cave_pods
Lair:2:   layout_misc_corridors, chequers_serial_rivers_room_b,
          beast_lair_carwin_2, uniq_harold
Lair:3:   cheibrodos_lair_overgrown_chateau, layout_misc_corridors,
          skrybe_swamp_entry_bodies, nicolae_spider_entry_orb_guardian,
          infiniplex_staircase_pool, serial_bayou_shore_a, lemuel_fruit_fields,
          lemuel_fruit_tree, serial_bayou_shore_b
Lair:4:   layout_cave_shapes, grunt_megastairs_4, uniq_snorg, uniq_nergalle,
          uniq_kirke
Lair:5:   layout_long_grid
Lair:6:   due_jungle_book, layout_hall_layers, dpeg_slime_entry_enclosed_altar,
          nicolae_lair_liquid_snakes, uniq_josephine
Orc:1:    layout_caves, serial_shops, nicolae_shop_hallway_plus,
          nicolae_shop_waterfront, minmay_orc_treasury
Orc:2:    st_orc_congregation, layout_diamond_mine,
          nicolae_volcano_entry_hallway, uniq_maurice

Skill      XL: |  1  2  3  4  5  6  7  8  9 10 11 12 13 14 15 16 |
---------------+-------------------------------------------------+-----
Dodging        | 2 3 4 5 6 7 8 9 10 11 | 11.6
Armour         | 3 4 5 7 8 9 10 12 13 14 | 14.8
Fighting       | 4 5 6 7 8 10 11 12 13 14 15 | 15.0
Shields        | 1 2 3 4 6 7 9 10 11 12 13 14 | 14.4
Maces & Flails | 4 5 6 8 9 10 11 12 13 | 13.8

Action                   |  1- 3 |  4- 6 |  7- 9 | 10-12 | 13-15 | 16-18 || total
-------------------------+-------+-------+-------+-------+-------+-------++-------
Melee: Mace              |    80 |   145 |   138 |       |       |       ||   363
       Punch             |     1 |     2 |       |       |       |       ||     3
       Whip              |       |       |   210 |  1155 |   861 |       ||  2226
       Unarmed           |       |       |       |       |     5 |       ||     5
       Morningstar       |       |       |       |       |  1088 |   705 ||  1793
Invok: Berserk           |       |     5 |    11 |    26 |    26 |     9 ||    77
       Trog's Hand       |       |       |       |     9 |     7 |     2 ||    18
  Use: Scroll            |       |       |     7 |     7 |     6 |     5 ||    25
       Potion            |       |       |       |     1 |       |       ||     1
Armor: Animal skin       |     6 |       |       |       |       |       ||     6
       Leather armour    |    29 |    21 |       |       |       |       ||    50
       Chain mail        |       |    35 |   125 |       |       |       ||   160
       Plate armour      |       |       |    38 |   623 |  1134 |    50 ||  1845
       Fire dragon scale |       |       |       |       |       |   308 ||   308
Dodge: Dodged            |    43 |    64 |   109 |   273 |   629 |   318 ||  1436
Block: Kite shield       |       |    19 |   136 |   530 |  1019 |   471 ||  2175
